 Dungeon Crawl Stone Soup version 0.19.0-11-g3fc08b3 (webtiles) character file.

280 Stormleaks the Sneak (level 6, -1/30 HPs)
             Began as a Spriggan Assassin on Nov 8, 2016.
             Was a Follower of Dithmenos.
             Slain by a phantom (9 damage)
             ... on level 4 of the Dungeon.
             The game lasted 00:29:15 (4646 turns).

Stormleaks the Sneak (Spriggan Assassin)            Turns: 4646, Time: 00:29:16

Health: -1/30      AC:  6    Str:  7    XL:     6   Next: 5%
Magic:  7/7        EV: 20    Int: 12    God:    Dithmenos [*.....]
Gold:   159        SH:  0    Dex: 22    Spells: 0 memorised, 5 levels left

rFire  . . .     SeeInvis +     a - +2 dagger
rCold  . . .     Gourm    .     c - +1 robe
rNeg   . . .     Faith    .     (shield restricted)
rPois  +         Spirit   .     (helmet restricted)
rElec  .         Reflect  .     d - +0 cloak
rCorr  .         Harm     .     (gloves unavailable)
MR     +....                    (boots unavailable)
Stlth  +++++.....               (no amulet)
                                (no ring)
                                s - +2 ring of protection

@: wreathed by umbra, very quick
A: unfitting armour, see invisible, agile 1, herbivore 3, speed 3, poison
resistance, slow metabolism 2, subdued magic 1
a: Renounce Religion


You were on level 4 of the Dungeon.
You worshipped Dithmenos.
Dithmenos was aware of your devotion.
You were not hungry.

You visited 1 branch of the dungeon, and saw 4 of its levels.

You collected 159 gold pieces.

Inventory:

Hand Weapons
 a - a +2 dagger (weapon)
 b - a +0 blowgun
 i - a +1 dagger of speed
Missiles
 e - 8 poisoned needles
 f - a curare-tipped needle
 l - 2 tomahawks of returning (quivered)
Armour
 c - a +1 robe (worn)
 d - a +0 cloak (worn)
Jewellery
 s - a +2 ring of protection (left hand)
Scrolls
 h - 2 scrolls of recharging
 j - a scroll of remove curse
 r - a scroll of fog {unknown}
 t - a scroll of teleportation {unknown}
Potions
 m - a potion of degeneration
 o - a potion of flight
 q - a potion of mutation
 u - a potion of agility {unknown}
Comestibles
 g - 3 bread rations
 k - 2 meat rations
 n - a fruit
 p - a royal jelly


   Skills:
 + Level 2.3 Fighting
 + Level 4.0 Short Blades
 + Level 2.9 Throwing
 + Level 4.0 Dodging
 + Level 7.7 Stealth


You had 5 spell levels left.
You didn't know any spells.

Dungeon Overview and Level Annotations

Branches:
Dungeon (4/15)
 Temple: D:4-7

Altars:
Dithmenos


Innate Abilities, Weirdness & Mutations

You are very small and have problems with some larger weapons.
You are too small for most types of armour.
You have supernaturally acute eyesight. (SInv)
You are a herbivore.
You cover ground extremely quickly.
You need consume almost no food.
You are agile. (Dex +2)
Your system is resistant to poisons. (rPois)
Your spells are a little easier to cast, but a little less powerful.


Message History

There are no items here.
You see here 4 poisoned needles.
e - 8 poisoned needles (gained 4)
You hit the phantom.
The phantom is heavily damaged.
You hit the phantom.
The phantom is heavily damaged.
The phantom hits you.
The phantom blinks!
You barely miss the phantom.
The phantom is heavily damaged.
The phantom hits you.
You closely miss the phantom.
The phantom is heavily damaged.
The phantom hits you.
* * * LOW HITPOINT WARNING * * *
You closely miss the phantom.
The phantom is heavily damaged.
The phantom blinks!
The phantom hits you!
You die...

.. #. #.
##+##.#####
......)...###
#...........######.
+....>W............
#....<.@....#######
#...........#
###......<#.#
...#.######.# ## #.
#.# # #.# #.# . #
#.# ...#.######[#


You could see a phantom.

Vanquished Creatures
  A hound (D:4)
  3 orc wizards (D:3)
  A hound skeleton (D:4)
  A gnoll (D:1)
  5 adders
  2 worms (D:2)
  A dart slug (D:3)
  2 leopard geckos
  10 orcs (D:3)
  10 bats
  A giant cockroach (D:4)
  9 hobgoblins
  7 kobolds
  A quokka (D:3)
  A ball python (D:3)
  6 frilled lizards
  9 goblins
  12 rats
82 creatures vanquished.

Notes
Turn   | Place    | Note
-------+----------+-------------------------------------------
     0 | D:1      | Stormleaks the Spriggan Assassin began the quest for the Orb.
     0 | D:1      | Reached XP level 1. HP: 10/10 MP: 2/2
   178 | D:1      | Reached skill level 6 in Stealth
   243 | D:1      | Reached XP level 2. HP: 15/15 MP: 3/3
   844 | D:1      | Reached XP level 3. HP: 18/18 MP: 4/4
  1795 | D:2      | Found a shadowy altar of Dithmenos.
  1843 | D:2      | Became a worshipper of Dithmenos the Shadowed
  2290 | D:2      | You fall through a shaft for 2 floors!
  2302 | D:4      | Reached XP level 4. HP: 9/23 MP: 5/5
  2360 | D:4      | Reached skill level 7 in Stealth
  2972 | D:3      | Gained mutation: Your spells are a little easier to cast, but a little less powerful. [potion of mutation]
  2972 | D:3      | Gained mutation: Your system is resistant to poisons. (rPois) [potion of mutation]
  2972 | D:3      | Gained mutation: You are agile. (Dex +2) [potion of mutation]
  3081 | D:3      | Reached XP level 5. HP: 26/26 MP: 6/6
  4447 | D:3      | Reached * piety under Dithmenos
  4451 | D:3      | Reached XP level 6. HP: 25/30 MP: 7/7
  4646 | D:4      | Slain by a phantom

Skill      XL: |  1  2  3  4  5 |
---------------+----------------+-----
Stealth        | 6 7 |  7.7
Dodging        | 2 3 4 |  4.0
Fighting       | 2 |  2.3
Short Blades   | 3 4 |  4.0
Throwing       | |  2.9

Action                   |  1- 3 |  4- 6 || total
-------------------------+-------+-------++-------
Melee: Dagger            |   140 |   198 ||   338
 Fire: Blowgun           |    25 |    23 ||    48
Throw: Tomahawk          |       |     2 ||     2
  Use: Potion            |     1 |     3 ||     4
       Scroll            |       |     4 ||     4
 Stab: Sleeping          |    10 |     8 ||    18
       Distracted        |       |     2 ||     2
  Eat: Fruit             |       |     2 ||     2
Armor: Robe              |    12 |    16 ||    28
Dodge: Dodged            |   122 |   171 ||   293
